Map: Abyssal Reef LE

Players

Dessa - Winner!

  • Race: Zerg Zerg
  • League: Diamond
  • Spawn Location: 5:00

VADER

  • Race: Terran Terran
  • League: Diamond
  • Spawn Location: 11:00

VOD

Have the link to the VOD?

Description

Time

  • Played on: Jan. 19, 2018, 3:45 p.m.
  • Length: 14:49
Show
View Real Time Build Order
Export as new Build Order

Dessa Zerg - Winner!

Build Orders: Hatch First 

Get SALT Encoding   

  12  0:01  Drone  
  13  0:13  Overlord  
  13  0:17  Drone  
  14  0:31  Drone x2  
  14  0:35  Drone  
  17  0:58  Hatchery  
  17  0:59  Drone  
  17  1:03  Drone  
  17  1:04  Extractor  
  17  1:18  Spawning Pool  
  17  1:19  Drone  
  17  1:24  Drone  
  18  1:29  Overlord  
  18  1:39  Drone  
  19  1:58  Drone  
  20  2:04  Queen  
  20  2:06  Zergling x2  
  23  2:09  Metabolic Boost  
  23  2:12  Drone  
  23  2:13  Queen  
  26  2:19  Drone  
  27  2:29  Drone  
  27  2:47  Queen  
  27  2:50  Drone x2  
  31  2:52  Drone, Overlord  
  32  3:00  Drone  
  32  3:01  Drone  
  33  3:14  Drone  
  34  3:20  Drone x2  
  34  3:21  Drone  
  34  3:22  Overlord  
  37  3:29  Zergling x4  
  37  3:31  Drone  
  37  3:33  Baneling Nest  
  38  3:41  Drone x2  
  38  3:44  Extractor  
  38  3:47  Zergling x8  
  42  3:51  Lair  
  42  4:02  Drone x3, Overlord  
  45  4:04  Drone  
  45  4:05  Drone  
  47  4:10  Roach Warren  
  46  4:33  Hatchery  
  46  4:35  Drone x4  
  46  4:37  Overlord  
  49  4:43  Drone x2  
  49  4:45  Drone, Evolution Chamber  
  50  4:46  Drone, Evolution Chamber  
  50  4:49  Extractor  
  50  4:51  Extractor  
  45  5:22  Roach x5  
  45  5:23  Zergling x10  
  45  5:25  Drone  
  45  5:26  Overlord  
  61  5:33  Glial Reconstitution  
  61  5:37  Pneumatized Carapace  
  61  5:40  Drone  
  61  5:41  Centrifical Hooks, Hydralisk Den  
  61  5:44  Baneling x3  
  61  5:46  Zergling x6  
  61  5:48  Queen  
  66  5:54  Drone  
  67  6:06  Drone  
  67  6:08  Overlord x2  
  67  6:09  Drone x2  
  67  6:10  Drone  
  71  6:11  Muscular Augments  
  71  6:29  Drone x3  
  71  6:30  Drone x3  
  71  6:31  Drone  
  71  6:32  Drone x2  
  71  6:44  Drone  
  71  6:45  Drone x4  
  71  6:46  Drone x2  
  77  6:47  Drone, Hydralisk  
  77  6:50  Baneling x2  
  77  6:52  Ravager x2, Roach x2  
  85  7:12  Zerg Ground Armor Level 1, Zerg Missile Weapons Level 1  
  85  7:15  Overlord x2  
  85  7:21  Extractor  
  85  7:22  Drone x3, Extractor  
  87  7:23  Drone x3  
  87  7:24  Drone x2  
  87  7:25  Drone x2  
  93  7:40  Hydralisk x4  
  93  7:41  Roach x2  
  93  7:43  Zergling x6  
  108  7:55  Overlord  
  108  7:58  Overlord  
  108  8:04  Drone x3  
  111  8:07  Drone  
  109  8:17  Hatchery  
  106  8:39  Hydralisk x2  
  106  8:40  Roach x5, Hydralisk x4  
  106  8:41  Roach  
  130  8:47  Overlord x2  
  129  9:07  Spire  
  128  9:10  Infestation Pit  
  128  9:12  Drone  
  128  9:17  Overlord x2  
  128  9:29  Extractor  
  128  9:30  Extractor  
  126  9:33  Overlord x2  
  126  9:39  Queen  
  126  9:41  Drone x3  
  126  9:42  Drone x3  
  126  9:44  Drone x3  
  126  9:45  Drone  
  138  9:51  Roach, Hydralisk x7  
  154  9:56  Zergling x4  
  156  10:11  Zergling x12  
  156  10:12  Zergling x4  
  164  10:18  Drone  
  165  10:24  Hive  
  165  10:28  Hatchery  
  165  10:30  Ravager x6  
  165  10:32  Zergling x2  
  165  10:33  Zergling x16  
  165  10:34  Baneling x5  
  165  10:35  Baneling  
  179  10:36  Baneling x9  
  179  10:37  Zerg Ground Armor Level 2, Baneling, Zerg Missile Weapons Level 2  
  119  11:19  Hydralisk x2  
  119  11:20  Roach x4, Hydralisk x2  
  130  11:33  Zergling x2  
  130  11:34  Zergling x28  
  145  11:57  Queen  
  145  11:59  Overlord x2  
  147  12:01  Greater Spire  
  147  12:02  Corruptor x5  
  147  12:03  Corruptor x3  
  163  12:10  Baneling x7  
  163  12:11  Baneling x4, Hydralisk x3  
  163  12:12  Zergling x4  
  163  12:13  Zergling x12  
  177  12:22  Baneling x4  
  175  12:54  Baneling  
  175  12:56  Baneling x7  
  175  12:57  Baneling x2  
  173  13:19  Brood Lord x5  
  185  13:20  Brood Lord x3  
  184  13:29  Zergling x2  
  184  13:30  Zergling x26  
  184  13:31  Baneling x2  
  184  13:32  Baneling x4  
  161  14:13  Drone x3  
  161  14:14  Drone  
  161  14:15  Drone  
Show
View Real Time Build Order
Export as new Build Order

VADER Terran 

Build Orders: MMM Bio 

Get SALT Encoding   

  12  0:00  SCV  
  13  0:13  SCV  
  14  0:17  Supply Depot  
  14  0:25  SCV  
  15  0:29  Refinery  
  15  0:38  SCV  
  16  0:46  Barracks  
  16  0:51  SCV  
  17  1:03  SCV  
  18  1:15  SCV  
  19  1:27  SCV  
  20  1:33  Reaper  
  21  1:40  SCV  
  21  1:42  Command Center  
  22  1:53  SCV  
  23  1:55  Factory  
  23  2:06  Supply Depot  
  23  2:13  Orbital Command  
  23  2:16  Barracks Reactor  
  23  2:25  Refinery  
  23  2:51  SCV  
  24  2:52  Starport  
  24  2:54  Supply Depot  
  24  3:01  Orbital Command  
  24  3:03  SCV  
  25  3:15  Hellion x2  
  25  3:19  SCV, Armory  
  30  3:28  Marine  
  30  3:30  SCV  
  30  3:31  SCV  
  31  3:42  Hellion x2  
  35  3:51  SCV x2  
  35  3:52  Medivac  
  39  4:03  SCV x2  
  41  4:13  Terran Vehicle Weapons Level 1  
  41  4:15  SCV x2  
  43  4:17  Barracks  
  43  4:24  Barracks  
  43  4:25  Engineering Bay  
  43  4:27  SCV  
  43  4:28  SCV  
  45  4:35  Hellion x2  
  49  4:39  SCV  
  49  4:40  SCV  
  49  4:42  Barracks Tech Lab  
  51  4:52  SCV x2  
  53  4:53  Engineering Bay  
  53  5:09  Supply Depot  
  53  5:10  Hellion x2, Supply Depot  
  49  5:29  Barracks Reactor x2, Stimpack  
  49  5:32  Hellion x2  
  49  5:34  Factory  
  53  5:37  Supply Depot  
  53  5:46  SCV x2  
  55  5:52  Command Center  
  55  5:58  SCV x2, Factory  
  55  6:01  Barracks  
  57  6:10  SCV x2  
  59  6:22  SCV  
  52  6:44  SCV x2  
  48  6:47  Refinery, Terran Infantry Weapons Level 1  
  48  6:48  Terran Infantry Armor Level 1  
  48  6:49  Refinery  
  48  6:51  Supply Depot  
  48  6:52  Marine x5  
  48  6:54  Factory Tech Lab  
  53  6:55  Factory Tech Lab  
  53  7:02  SCV x2  
  55  7:18  SCV  
  55  7:19  SCV  
  57  7:27  Marine x2  
  57  7:28  Marine x3  
  62  7:30  SCV  
  62  7:31  SCV, Siege Tank  
  62  7:32  Factory Tech Lab  
  62  7:34  Siege Tank  
  70  7:40  Combat Shields  
  70  7:43  SCV  
  71  7:45  Supply Depot, Marine  
  71  7:47  Supply Depot  
  71  7:50  SCV, Marine x2  
  71  7:51  Marine x2  
  77  7:53  Marine x2  
  77  7:55  SCV  
  80  8:00  Planetary Fortress  
  80  8:01  Refinery  
  80  8:03  Refinery, Siege Tank, Marine  
  80  8:05  SCV  
  85  8:07  SCV  
  85  8:08  Marine x3  
  85  8:09  Marine, Siege Tank  
  85  8:11  Marine x2  
  94  8:17  SCV  
  94  8:19  SCV  
  87  8:21  Marine  
  87  8:29  SCV  
  79  9:03  Terran Infantry Weapons Level 2  
  79  9:04  Terran Infantry Armor Level 2  
  79  9:05  SCV x3  
  79  9:06  Marine x2  
  79  9:09  Command Center  
  84  9:10  Marine  
  84  9:11  Marine x4  
  90  9:17  SCV x3, Starport Reactor  
  90  9:24  Marine x2  
  92  9:29  SCV x2  
  92  9:30  SCV  
  97  9:33  Missile Turret  
  97  9:37  Barracks  
  97  9:41  SCV x2, Barracks  
  97  9:42  SCV  
  97  9:44  Supply Depot, Marine x3  
  97  9:45  Marine x4  
  105  9:46  Siege Tank  
  105  9:47  Siege Tank x2  
  116  9:53  SCV x2  
  116  9:54  SCV  
  116  9:55  Medivac x2  
  123  10:02  Marine x2  
  123  10:03  Missile Turret  
  123  10:04  Terran Vehicle Weapons Level 2  
  123  10:05  SCV x2  
  123  10:06  SCV, Marine x3  
  123  10:07  Marine x2  
  133  10:15  Supply Depot  
  133  10:20  Marine x2  
  135  10:23  Barracks  
  135  10:24  Marine x4  
  135  10:25  Marine, Barracks  
  140  10:31  SCV x2  
  140  10:32  SCV, Medivac x2  
  140  10:33  Barracks Reactor x2  
  147  10:36  Supply Depot  
  147  10:37  Supply Depot  
  147  10:48  SCV  
  147  10:49  Planetary Fortress  
  148  10:51  Marine  
  148  10:52  Marine x6  
  145  11:09  Siege Tank x2, Marine x2  
  145  11:10  SCV x2, Marine x5  
  110  11:18  SCV  
  110  11:22  SCV  
  101  11:28  Marine  
  101  11:29  Marine x4  
  101  11:31  Marine x2  
  101  11:32  Marine x6  
  112  11:33  Siege Tank  
  112  11:39  Command Center  
  115  11:41  Siege Tank  
  115  11:46  Marine x3  
  115  11:47  Marine x2  
  121  11:49  Marine x2  
  121  11:50  Marine  
  126  11:54  Medivac x2  
  126  11:55  Marine x5  
  126  11:57  Siege Tank  
  138  12:04  Marine x5  
  138  12:05  Siege Tank  
  138  12:07  Marine x2  
  148  12:13  Siege Tank  
  151  12:27  Marine x3  
  151  12:29  Siege Tank  
  153  12:37  Siege Tank  
  153  12:43  Marine  
  153  12:44  Marine x10  
  155  12:45  Marine x2, Siege Tank  
  170  12:58  SCV x3  
  173  13:02  Marine x2  
  173  13:05  Marine x2  
  176  13:06  Marine x9  
  176  13:09  Planetary Fortress  
  176  13:10  SCV x2  
  176  13:11  SCV  
  188  13:20  Marine  
  188  13:21  Medivac, Marine  
  188  13:22  Medivac  
  188  13:23  Marine  
  188  13:26  Marine x2  
  188  13:27  Marine x2  
  188  13:29  Marine  
  188  13:32  Marine  
  188  13:47  Marine  
  188  13:48  SCV, Marine  
  188  13:50  SCV, Marine  
  188  13:52  Medivac  
  188  13:54  Medivac  
  187  14:06  Marine  
  140  14:26  Marine  
  140  14:28  Marine x7  
  140  14:29  Marine x5  
Tags
 
Composition
MMM Bio
Matchup
TvZ
Replay Pack
2017S4
Spawn Locations
Cross Positions
Add a new tag
Caveats
  • Supply blocks, unpowered buildings, or Contaminate may cause inaccurate times.
  • Supply counts are checked every 10 seconds.